 Dungeon Crawl Stone Soup version 0.17.0-18-gaab0e96 (console) character file.

161 gw the Skirmisher (level 5, -2/41 HPs)
             Began as a Human Fighter on Nov 11, 2015.
             Slain by gw's ghost (6 damage)
             ... on level 3 of the Dungeon.
             The game lasted 00:01:50 (2059 turns).

gw the Skirmisher (Human Fighter)                   Turns: 2059, Time: 00:01:50

Health: -2/41      AC: 10    Str: 17    XL:     5   Next: 70%
Magic:  5/5        EV:  6    Int:  8    God:
Gold:   72         SH:  9    Dex: 13    Spells: 0 memorised, 4 levels left

rFire  + + .     SeeInvis .     a - +0 flail
rCold  x . .     Clarity  .     b - +0 fire dragon armour
rNeg   . . .     SustAt   .     c - +0 shield
rPois  .         Gourm    .     (no helmet)
rElec  .         Spirit   .     (no cloak)
rCorr  .         Warding  .     f - +0 pair of gloves
rMut   .         Stasis   .     (no boots)
MR     .....                    (no amulet)
Stlth  ..........               (no ring)
                                (no ring)

@: not resistant to hostile enchantments, extremely unstealthy
A: no striking features
a: no special abilities


You were on level 3 of the Dungeon.
You were near starving.

You visited 1 branch of the dungeon, and saw 3 of its levels.

You collected 72 gold pieces.

Inventory:

Hand Weapons
 a - a +0 flail (weapon)
Missiles
 g - 54 stones (quivered)
 h - 5 needles of paralysis
 i - 32 poisoned needles
Armour
 b - a +0 fire dragon armour (worn)
 c - a +0 shield (worn)
 f - a +0 pair of gloves (worn)
Comestibles
 e - 3 bread rations


   Skills:
 + Level 3.5 Fighting
 * Level 3.4 Maces & Flails
 + Level 2.3 Throwing
 + Level 3.4 Armour
 + Level 3.5 Shields


You had 4 spell levels left.
You didn't know any spells.

Dungeon Overview and Level Annotations

Branches:
Dungeon (3/15)

Altars:

Annotations:
D:3 exclusion: upstairs, gw's ghost, amateur DrMo


Message History

You block gw's ghost's attack.
Unknown command.
Unknown command.
Unknown command.
Unknown command.
FLEEEEING!
ATTACKING (1,0)
You hit gw's ghost.
Gw's ghost is heavily damaged.
You block gw's ghost's attack.
Unknown command.
Unknown command.
Unknown command.
Unknown command.
FLEEEEING!
ATTACKING (1,0)
You hit gw's ghost but do no damage.
Gw's ghost is heavily damaged.
Gw's ghost hits you but does no damage. Gw's ghost hits you.
You die...

########.(
######.<.......
#pW......(!....
#.####.##......
#.# #.# .#####
#.# #.# # #.#
#.# #?# #.# #.#
#.# #.# ..# ###


You could see gw's ghost.

Table legend:
 A = Turns spent in this place as a percentage of turns spent in the entire game.
 B = Non-inter-level travel turns spent in this place as a percentage of non-inter-level travel turns spent in the entire game.
 C = Inter-level travel turns spent in this place as a percentage of turns spent in this place.
 D = Turns resting spent in this place as a percentage of non-inter-level travel turns spent in this place.
 E = Turns spent auto-exploring this place as a percentage of non-inter-level travel turns spent in this place.
 F = Non-inter-level travel turns spent in this place divided by the number of levels of this place that you've seen.
                   A       B       C       D       E      F
               +-------+-------+-------+-------+-------+----------------------
         Total | 100.0 | 100.0 |   0.3 |   1.0 |   2.8 | 872.3
       Dungeon | 100.0 | 100.0 |   0.3 |   1.0 |   2.8 | 872.3
               +-------+-------+-------+-------+-------+----------------------

Table legend:
 A = Kills in this place as a percentage of kills in entire the game.
 B = Kills by you in this place as a percentage of kills by you in the entire game.
 C = Kills by friends in this place as a percentage of kills by friends in the entire game.
 D = Other kills in this place as a percentage of other kills in the entire game.
 E = Experience gained in this place as a percentage of experience gained in the entire game.
 F = Experience gained in this place divided by the number of levels of this place that you have seen.
                   A       B       C       D       E      F
               +-------+-------+-------+-------+-------+----------------------
         Total | 100.0 | 100.0 |  -nan |  -nan | 100.0 |  77.0
       Dungeon | 100.0 | 100.0 |  -nan |  -nan | 100.0 |  77.0
               +-------+-------+-------+-------+-------+----------------------

Vanquished Creatures
  An ice beast (D:2)
  3 adders (D:2)
  A gnoll (D:1)
  A giant gecko (D:2)
  5 bats
  3 hobgoblins
  2 ball pythons
  A giant cockroach (D:1)
  2 giant newts (D:1)
  2 goblins
  6 kobolds
  9 rats
36 creatures vanquished.

Notes
Turn   | Place    | Note
--------------------------------------------------------------
     0 | D:1      | gw the Human Fighter began the quest for the Orb.
     0 | D:1      | Reached XP level 1. HP: 18/18 MP: 1/1
    64 | D:1      | Reached skill level 1 in Throwing
    64 | D:1      | Reached XP level 2. HP: 24/24 MP: 2/2
   278 | D:1      | Reached XP level 3. HP: 29/29 MP: 3/3
  1706 | D:2      | Reached XP level 4. HP: 33/35 MP: 4/4
  1828 | D:2      | Noticed an ice beast
  1835 | D:2      | Killed an ice beast
  1835 | D:2      | Reached XP level 5. HP: 32/41 MP: 5/5
  2022 | D:3      | Noticed gw's ghost (amateur DrMo)
  2059 | D:3      | Slain by gw's ghost

Action                   |  1- 3 |  4- 6 || total
-------------------------+-------+-------++-------
Melee: Flail             |    95 |    29 ||   124
Throw: Stone             |    24 |    10 ||    34
  Use: Potion            |     1 |     1 ||     2
  Eat: Chunk             |     2 |       ||     2

Vault maps used:
D:1:      ncdulo_wetmaze, dk_noncrumbling_3, minmay_misc_feat_more_columns,
          minmay_bisected
D:2:      roderic_cross_of_infinity
D:3:      yredelemnul_altar_generic, first_bread
